 Dungeon Crawl Stone Soup version 0.20.1-1-g8b1a95d (webtiles) character file.

156 Linguinho the Chucker (level 5, 0/49 HPs)
             Began as a Troll Hunter on Nov 14, 2017.
             Slain by an orc
             ... wielding a +0 dagger
              (4 damage)
             ... on level 3 of the Dungeon.
             The game lasted 00:03:38 (1734 turns).

Linguinho the Chucker (Troll Hunter)                Turns: 1734, Time: 00:03:38

Health: 0/49       AC:  5    Str: 21    XL:     5   Next: 15%
Magic:  4/4        EV: 10    Int:  7    God:
Gold:   127        SH:  0    Dex: 10    Spells: 4/4 levels left

rFire    . . .     SeeInvis .   n - +0 mace
rCold    . . .     Gourm    +   (no shield)
rNeg     . . .     Faith    .   b - +0 robe
rPois    .         Spirit   .   (helmet restricted)
rElec    .         Reflect  .   (no cloak)
rCorr    .         Harm     .   (gloves unavailable)
MR       .....                  (boots unavailable)
Stlth    +.........             (no amulet)
Regen    0.6/turn               (no ring)
MPRegen  0.1/turn               (no ring)

@: slowed, very slow
A: unfitting armour, claws 3, fast metabolism 3, gourmand, regeneration 1,
shaggy fur 1, tough skin 2
a: no special abilities


You were on level 3 of the Dungeon.
You were completely stuffed.

You visited 1 branch of the dungeon, and saw 3 of its levels.

You collected 127 gold pieces.

Inventory:

Hand Weapons
 n - a +0 mace (weapon)
Missiles
 c - 5 large rocks (quivered)
 d - 2 throwing nets
Armour
 b - a +0 robe (worn)
Jewellery
 e - an uncursed amulet of regeneration {unknown}
Wands
 s - a wand of enslavement (14/24)
Scrolls
 a - 2 scrolls of identify {unknown}
 g - a scroll of blinking {unknown}
 k - 2 scrolls of magic mapping {unknown}
 m - a scroll of remove curse {unknown}
Potions
 h - a potion of heal wounds {unknown}
 i - a potion of might {unknown}
 j - a potion of degeneration {unknown}
 o - a potion of berserk rage {unknown}
 q - a potion of haste
 r - a potion of agility {unknown}
 u - a potion of lignification {unknown}
Comestibles
 f - 3 bread rations
 l - 4 fruits
 p - 9 chunks of flesh
 t - a meat ration


   Skills:
 + Level 2.0 Fighting
 * Level 2.2 Maces & Flails
 * Level 4.3 Throwing
 + Level 2.3 Dodging
 - Level 0.3 Stealth
 + Level 1.5 Unarmed Combat


You had 4 spell levels left.
You didn't know any spells.

Dungeon Overview and Level Annotations

Branches:
Dungeon (3/15)

Altars:
Ru


Innate Abilities, Weirdness & Mutations

You are too large for most types of armour.
You have claws for hands.
Your metabolism is lightning-fast.
You like to eat raw meat.
Your natural rate of healing is unusually fast.
You are covered in fur. (AC +1)
You have very tough skin. (AC +2)


Message History

The orc wizard gestures at you while chanting.
The magic dart hits you!
You are too injured to fight recklessly!
You hit the orc priest.
The orc priest is heavily wounded.
The orc closely misses you. The orc priest hits you.
The orc hits you but does no damage. The orc wizard closely misses you.
The orc hits you with a dagger.
The orc priest hits you but does no damage.
The orc closely misses you.
The orc wizard hits you but does no damage.
The orc priest calls down the wrath of Beogh upon you.
Beogh smites you!
* * * LOW HITPOINT WARNING * * *
The orc hits you but does no damage. The orc hits you but does no damage.
The orc hits you.
* * * LOW HITPOINT WARNING * * *
The orc hits you with a dagger.
You die...

.#+#+####...#.#
............#.##...^...
######......#.##......
.≈≈≈..#.....#.##.....
≈...≈..#......##....
≈._.≈...#.##..##...
≈...≈..#......##..
.≈≈≈..#...###.##.#
######.##.###..#@# #
..(...###......oo##.#
..............(.o...#
........#######.o#..#
................†...#
....................#
.......†.#####.#....#
.........# #.#....#
.....###... #.#>.#.'


You could see an orc priest, an orc wizard and 2 orcs.

Vanquished Creatures
  A gnoll (D:2)
  8 adders
  3 worms (D:2)
  2 leopard geckos
  An orc (D:3)
  6 bats
  A giant cockroach (D:3)
  11 goblins
  9 hobgoblins
  7 kobolds
  2 quokkas (D:2)
  A ball python (D:3)
  5 frilled lizards
  7 rats
64 creatures vanquished.

Notes
Turn   | Place    | Note
-------+----------+-------------------------------------------
     0 | D:1      | Linguinho the Troll Hunter began the quest for the Orb.
     0 | D:1      | Reached XP level 1. HP: 19/19 MP: 0/0
   221 | D:1      | Reached XP level 2. HP: 27/27 MP: 1/1
   341 | D:1      | Reached skill level 4 in Throwing
   780 | D:2      | Reached XP level 3. HP: 14/35 MP: 2/2
   917 | D:2      | Reached skill level 1 in Unarmed Combat
  1016 | D:2      | Reached skill level 1 in Maces & Flails
  1016 | D:2      | Reached XP level 4. HP: 32/42 MP: 3/3
  1522 | D:2      | Reached XP level 5. HP: 43/49 MP: 4/4
  1671 | D:3      | Found a sacrificial altar of Ru.
  1734 | D:3      | Slain by an orc

Skill      XL: |  1  2  3  4 |
---------------+-------------+-----
Throwing       | 4 |  4.3
Dodging        | 2 |  2.3
Unarmed Combat | 1 |  1.5
Maces & Flails | 1 2 |  2.2
Fighting       | 2 |  2.0
Stealth        | |  0.3

Action                   |  1- 3 |  4- 6 || total
-------------------------+-------+-------++-------
Melee: Unarmed           |    73 |       ||    73
       Mace              |    49 |   122 ||   171
       Punch             |       |     2 ||     2
 Stab: Sleeping          |     1 |       ||     1
  Eat: Chunk             |    15 |     7 ||    22
Armor: Robe              |    50 |    60 ||   110
Dodge: Dodged            |    80 |    83 ||   163
